Connexion

Barracuda vs Rampage

Created - 26 septembre 2023 at 05:58

Goals
1 2 3 T
Barracuda 2 2 2 6
Rampage 2 1 1 4
Shots
1 2 3 T
Barracuda 13 6 12 31
Rampage 14 17 10 41

GoalsPenalties
1st period
1. Rampage , Robert Hagg 6 (Josh Brown 8) at 2:14 (SH)
2. Barracuda , Julius Bergman 2 (Bode Wilde 3, Andrei Altybarmakyan 1) at 8:35
3. Rampage , Josh Leivo 2 (Johnny Kovacevic 6, Dmytro Timashov 4) at 16:50
4. Barracuda , Robert Bortuzzo 4 (Scott Harrington 20, Fredrik Olofsson 5) at 18:10
Erik Gudbranson (SAN) for Roughing (Minor) at 1:11
Joseph Labate (SAN) for Fighting (Major) at 11:48
Robert Bortuzzo (SAN) for Fighting (Major) at 11:48
2nd period
5. Rampage , Eric Cornel 2 (Dmytro Timashov 5, Steven Kampfer 9) at 9:01
6. Barracuda , Matthew Phillips 14 (Scott Harrington 21, Trent Frederic 16) at 15:44
7. Barracuda , Adam Cracknell 5 (Trent Frederic 17, Andy Welinski 19) at 17:48 (PP)
Graham Knott (SAN) for Hooking (Minor) at 11:33
Dmytro Timashov (SAN) for Roughing (Minor) at 17:28
3rd period
8. Barracuda , Scott Harrington 2 (Robert Bortuzzo 7, Trent Frederic 18) at 7:34
9. Rampage , Jayson Megna 6 (Nick Holden 7, Sam Carrick 7) at 7:47
10. Barracuda , Anatoly Golyshev 4 (Andy Welinski 20, Fredrik Olofsson 6) at 12:31
Trent Frederic (SAN) for Hooking (Minor) at 1:41
Goalie Stats
Ken Appleby (SAN), 37 saves from 41 shots - (0,902), W, 14-4-3, 60:00 minutes
Jon Gillies (SAN), 10 saves from 11 shots - (0,909), 12:26 minutes
Adam Werner (SAN), 15 saves from 20 shots - (0,750), L, 3-5-2, 47:34 minutes
3 StarsOfficial
1 - Scott Harrington (SAN)
2 - Trent Frederic (SAN)
3 - Matthew Phillips (SAN)
Referees : Stephane Auger and Kelly Sutherland
Linesman : Greg Devorski and Brian Murphy
Game Note
Joseph Labate and Robert Bortuzzo fight to a draw at 11:48 of 1st period
Jon Gillies enters game at 7:34 of 3rd period
Finance
Level 1 -- Attendance: 1417 (70,85%) -- Ticket Income 59 514 $
Level 2 -- Attendance: 1000 (100,00%) -- Ticket Income 18 000 $
Total Attendance: 2417 (80,57%)
Total Ticket Income: 77 514 $
Other Income: 15 503 $
Total Income: 93 017 $



Team Name Goals Shots Shots Attemp Shots Blocked PIM HIT PP PK FO%
Barracuda 63160149201 / 2 (50%)048%
Rampage 4417389180 / 2 (0%)152%

Barracuda
Player Name POS G A P +/- PIM HIT SHT SB MP PP MP PP SHT PK MP PK SHT FO% FOT
Adam Cracknell C/LW/RW1012005022:141:2012:40055% 33
Alex DostieC/LW000-2000113:310:0000:55042% 12
Alexis D'AoustC/RW000-1013018:160:5910:000100% 1
Anatoly GolyshevLW/RW101200205:360:0000:0000% 0
Andrei AltybarmakyanRW011-2001112:360:0000:0000% 1
Andy WelinskiD0221010323:441:2002:0200% 0
Bode WildeD011-2000015:400:0000:0000% 0
Brendan WarrenC/LW000-1010019:500:5901:18042% 26
Brent GatesC/LW000-1013018:450:5900:2900% 1
Fredrik OlofssonC/LW022100106:280:0000:1600% 0
Graham KnottC/LW000-2222013:280:0000:5300% 1
Jordy BelleriveC000200105:360:0000:00058% 12
Julius BergmanD101-1031216:400:0000:0000% 0
Matthew PhillipsC/RW1012005119:341:2000:000100% 1
Nicolas MelocheD0001030223:441:2002:0200% 0
Robert BortuzzoD1122521118:430:5901:5600% 0
Scott HarringtonD1232004220:360:5901:5600% 0
Trent FredericC/LW0332262120:581:2001:2500% 1
Rampage
Player Name POS G A P +/- PIM HIT SHT SB MP PP MP PP SHT PK MP PK SHT FO% FOT
Curtis McKenzieLW000-2015022:092:3510:400100% 1
Dmytro TimashovLW022020006:250:0000:00050% 2
Eric CornelC/RW101000206:260:0000:00075% 8
Erik Gudbranson D000-2231120:421:5910:0800% 0
Hudson FaschingRW0001002019:471:2301:390100% 1
Jayson MegnaRW1010017013:460:3500:0000% 3
Joey AndersonRW000-1002023:082:3501:39033% 6
Johnny KovacevicD0112000213:540:0000:0000% 0
Joseph LabateLW0000531016:341:2310:000100% 1
Josh BrownD011-1013124:171:5921:0500% 0
Josh LeivoRW101000506:260:0000:0000% 0
Matt MartinC/LW/RW000-2034021:342:0020:40052% 31
Michael SgarbossaC0000011018:081:2300:00047% 19
Nick HoldenD011-2010221:491:5901:1400% 0
Nick RitchieLW0000010011:380:0000:00050% 2
Robert HaggD101-1034124:171:5901:0510% 0
Sam CarrickC0110004011:380:0000:00053% 15
Steven KampferD0112000115:000:0001:0600% 0



Play-by-Play

1st period


0:01 of 1st period - Matt Martin wins face-off versus Adam Cracknell in neutral zone.
0:14 of 1st period - Shot by Joey Anderson.
0:14 of 1st period - Stopped by Ken Appleby without a rebound.
0:15 of 1st period - Michael Sgarbossa wins face-off versus Brendan Warren in Barracuda zone.
0:24 of 1st period - Shot by Hudson Fasching.
0:24 of 1st period - Stopped by Ken Appleby without a rebound.
0:25 of 1st period - Sam Carrick wins face-off versus Alex Dostie in Barracuda zone.
0:32 of 1st period - Shot by Jayson Megna.
0:32 of 1st period - Stopped by Ken Appleby without a rebound.
0:33 of 1st period - Jordy Bellerive wins face-off versus Dmytro Timashov in Barracuda zone.
0:44 of 1st period - Shot by Fredrik Olofsson.
0:44 of 1st period - Stopped by Adam Werner without a rebound.
0:45 of 1st period - Michael Sgarbossa wins face-off versus Brendan Warren in Rampage zone.
0:45 of 1st period - Michael Sgarbossa is hit by Alexis D'Aoust.
0:53 of 1st period - Shot by Alexis D'Aoust.
0:53 of 1st period - Deflect By Brent Gates.
0:53 of 1st period - Stopped by Adam Werner with a rebound.
0:56 of 1st period - Alexis D'Aoust is hit by Nick Holden and loses puck.
1:07 of 1st period - Shot by Alexis D'Aoust.
1:07 of 1st period - Shot Misses the Net.
1:09 of 1st period - Shot by Brendan Warren.
1:09 of 1st period - Shot Blocked by Erik Gudbranson .
1:11 of 1st period - Shot by Brent Gates.
1:11 of 1st period - Stopped by Adam Werner without a rebound.
1:11 of 1st period - Minor Penalty to Erik Gudbranson for Roughing.
1:12 of 1st period - Adam Cracknell wins face-off versus Joey Anderson in Rampage zone.
1:36 of 1st period - Icing by Matthew Phillips.
1:37 of 1st period - Matthew Phillips wins face-off versus Matt Martin in Barracuda zone.
2:14 of 1st period - Shot by Robert Hagg.
2:14 of 1st period - Goal by Robert Hagg - Barracuda : 0 - Rampage : 1.
2:15 of 1st period - Matt Martin wins face-off versus Brendan Warren in neutral zone.
2:32 of 1st period - Shot by Alexis D'Aoust.
2:32 of 1st period - Shot Misses the Net.
2:34 of 1st period - Shot by Alexis D'Aoust.
2:34 of 1st period - Stopped by Adam Werner without a rebound.
2:35 of 1st period - Matt Martin wins face-off versus Brendan Warren in Rampage zone.
3:03 of 1st period - Shot by Brendan Warren.
3:03 of 1st period - Shot Misses the Net.
4:28 of 1st period - Matthew Phillips is hit by Matt Martin and loses puck.
4:32 of 1st period - Off-side.
4:33 of 1st period - Eric Cornel wins face-off versus Jordy Bellerive in neutral zone.
5:10 of 1st period - Shot by Josh Leivo.
5:10 of 1st period - Stopped by Ken Appleby without a rebound.
5:11 of 1st period - Brendan Warren wins face-off versus Matt Martin in Barracuda zone.
5:13 of 1st period - Icing by Andy Welinski.
5:14 of 1st period - Alexis D'Aoust wins face-off versus Matt Martin in Barracuda zone.
5:41 of 1st period - Shot by Curtis McKenzie.
5:41 of 1st period - Stopped by Ken Appleby with a rebound.
5:49 of 1st period - Shot by Matt Martin.
5:49 of 1st period - Stopped by Ken Appleby without a rebound.
5:50 of 1st period - Michael Sgarbossa wins face-off versus Adam Cracknell in Barracuda zone.
6:03 of 1st period - Shot by Trent Frederic.
6:03 of 1st period - Shot Blocked by Josh Brown.
7:06 of 1st period - Off-side.
7:07 of 1st period - Brendan Warren wins face-off versus Jayson Megna in neutral zone.
7:44 of 1st period - Shot by Alexis D'Aoust.
7:44 of 1st period - Stopped by Adam Werner with a rebound.
8:11 of 1st period - Shot by Alex Dostie.
8:11 of 1st period - Shot Misses the Net.
8:33 of 1st period - Shot by Bode Wilde.
8:33 of 1st period - Shot Misses the Net.
8:35 of 1st period - Shot by Julius Bergman.
8:35 of 1st period - Goal by Julius Bergman - Barracuda : 1 - Rampage : 1.
8:36 of 1st period - Eric Cornel wins face-off versus Jordy Bellerive in neutral zone.
9:01 of 1st period - Shot by Josh Leivo.
9:01 of 1st period - Stopped by Ken Appleby without a rebound.
9:02 of 1st period - Michael Sgarbossa wins face-off versus Adam Cracknell in Barracuda zone.
9:36 of 1st period - Off-side.
9:37 of 1st period - Brendan Warren wins face-off versus Matt Martin in neutral zone.
11:48 of 1st period - Joseph Labate and Robert Bortuzzo fight to a draw.
11:48 of 1st period - Penalty to Joseph Labate for Fighting.
11:48 of 1st period - Penalty to Robert Bortuzzo for Fighting.
11:49 of 1st period - Joey Anderson wins face-off versus Adam Cracknell in Barracuda zone.
12:35 of 1st period - Icing by Robert Hagg.
12:36 of 1st period - Jordy Bellerive wins face-off versus Matt Martin in Rampage zone.
12:40 of 1st period - Icing by Josh Brown.
12:41 of 1st period - Matt Martin wins face-off versus Brendan Warren in Rampage zone.
12:41 of 1st period - Matt Martin is hit by Brendan Warren.
13:21 of 1st period - Shot by Jayson Megna.
13:21 of 1st period - Stopped by Ken Appleby without a rebound.
13:22 of 1st period - Eric Cornel wins face-off versus Adam Cracknell in Barracuda zone.
13:35 of 1st period - Shot by Josh Leivo.
13:35 of 1st period - Stopped by Ken Appleby with a rebound.
13:55 of 1st period - Shot by Josh Leivo.
13:55 of 1st period - Shot Misses the Net.
13:58 of 1st period - Icing by Julius Bergman.
13:59 of 1st period - Adam Cracknell wins face-off versus Michael Sgarbossa in Barracuda zone.
13:59 of 1st period - Adam Cracknell is hit by Michael Sgarbossa.
15:27 of 1st period - Shot by Brent Gates.
15:27 of 1st period - Shot Misses the Net.
15:44 of 1st period - Shot by Brent Gates.
15:44 of 1st period - Shot Misses the Net.
16:46 of 1st period - Shot by Dmytro Timashov.
16:46 of 1st period - Shot Misses the Net.
16:48 of 1st period - Shot by Johnny Kovacevic.
16:48 of 1st period - Shot Hit the Post.
16:50 of 1st period - Shot by Josh Leivo.
16:50 of 1st period - Goal by Josh Leivo - Barracuda : 1 - Rampage : 2.
16:51 of 1st period - Jordy Bellerive wins face-off versus Nick Ritchie in neutral zone.
17:04 of 1st period - Shot by Sam Carrick.
17:04 of 1st period - Shot Blocked by Nicolas Meloche.
17:06 of 1st period - Shot by Sam Carrick.
17:06 of 1st period - Stopped by Ken Appleby without a rebound.
17:07 of 1st period - Brendan Warren wins face-off versus Michael Sgarbossa in Barracuda zone.
17:36 of 1st period - Shot by Brent Gates.
17:36 of 1st period - Shot Blocked by Robert Hagg.
17:43 of 1st period - Icing by Josh Brown.
17:44 of 1st period - Michael Sgarbossa wins face-off versus Jordy Bellerive in Rampage zone.
17:55 of 1st period - Robert Bortuzzo is hit by Joseph Labate and loses puck.
18:06 of 1st period - Shot by Scott Harrington.
18:06 of 1st period - Stopped by Adam Werner with a rebound.
18:08 of 1st period - Shot by Scott Harrington.
18:08 of 1st period - Stopped by Adam Werner with a rebound.
18:10 of 1st period - Shot by Robert Bortuzzo.
18:10 of 1st period - Goal by Robert Bortuzzo - Barracuda : 2 - Rampage : 2.
18:11 of 1st period - Adam Cracknell wins face-off versus Sam Carrick in neutral zone.
18:34 of 1st period - Shot by Trent Frederic.
18:34 of 1st period - Stopped by Adam Werner without a rebound.
18:35 of 1st period - Matt Martin wins face-off versus Alex Dostie in Rampage zone.
18:54 of 1st period - Shot by Andrei Altybarmakyan.
18:54 of 1st period - Stopped by Adam Werner with a rebound.
19:06 of 1st period - Shot by Graham Knott.
19:06 of 1st period - Stopped by Adam Werner without a rebound.
19:07 of 1st period - Adam Cracknell wins face-off versus Michael Sgarbossa in Rampage zone.
19:19 of 1st period - Michael Sgarbossa is hit by Robert Bortuzzo and loses puck.
19:22 of 1st period - Shot by Hudson Fasching.
19:22 of 1st period - Stopped by Ken Appleby without a rebound.
19:23 of 1st period - Brendan Warren wins face-off versus Sam Carrick in Barracuda zone.
19:23 of 1st period - Brendan Warren is hit by Jayson Megna.
19:30 of 1st period - Off-side.
19:31 of 1st period - Adam Cracknell wins face-off versus Joey Anderson in neutral zone.
19:40 of 1st period - Shot by Trent Frederic.
19:40 of 1st period - Stopped by Adam Werner with a rebound.
19:51 of 1st period - Icing by Andy Welinski.
19:52 of 1st period - Sam Carrick wins face-off versus Adam Cracknell in Barracuda zone.
19:55 of 1st period - Shot by Jayson Megna.
19:55 of 1st period - Stopped by Ken Appleby without a rebound.
19:56 of 1st period - Brendan Warren wins face-off versus Michael Sgarbossa in Barracuda zone.
Goals for this period are 2 for Barracuda vs 2 for Rampage.
Shots for this period are 13 for Barracuda vs 14 for Rampage.

2nd period


0:01 of 2nd period - Adam Cracknell wins face-off versus Matt Martin in neutral zone.
0:17 of 2nd period - Curtis McKenzie is hit by Nicolas Meloche and loses puck.
0:55 of 2nd period - Icing by Nick Holden.
0:56 of 2nd period - Hudson Fasching wins face-off versus Brendan Warren in Rampage zone.
1:53 of 2nd period - Shot by Sam Carrick.
1:53 of 2nd period - Stopped by Ken Appleby without a rebound.
1:54 of 2nd period - Matt Martin wins face-off versus Alex Dostie in Barracuda zone.
3:49 of 2nd period - Shot by Joseph Labate.
3:49 of 2nd period - Shot Misses the Net.
3:54 of 2nd period - Icing by Bode Wilde.
3:55 of 2nd period - Dmytro Timashov wins face-off versus Jordy Bellerive in Barracuda zone.
3:55 of 2nd period - Erik Gudbranson is hit by Julius Bergman and loses puck.
4:00 of 2nd period - Shot by Eric Cornel.
4:00 of 2nd period - Stopped by Ken Appleby without a rebound.
4:01 of 2nd period - Brendan Warren wins face-off versus Michael Sgarbossa in Barracuda zone.
4:16 of 2nd period - Shot by Scott Harrington.
4:16 of 2nd period - Stopped by Adam Werner without a rebound.
4:17 of 2nd period - Curtis McKenzie wins face-off versus Alex Dostie in Rampage zone.
4:17 of 2nd period - Curtis McKenzie is hit by Graham Knott.
4:52 of 2nd period - Shot by Matt Martin.
4:52 of 2nd period - Stopped by Ken Appleby without a rebound.
4:53 of 2nd period - Michael Sgarbossa wins face-off versus Adam Cracknell in Barracuda zone.
5:12 of 2nd period - Shot by Michael Sgarbossa.
5:12 of 2nd period - Shot Blocked by Scott Harrington.
5:40 of 2nd period - Icing by Robert Bortuzzo.
5:41 of 2nd period - Matt Martin wins face-off versus Trent Frederic in Barracuda zone.
5:50 of 2nd period - Shot by Joey Anderson.
5:50 of 2nd period - Stopped by Ken Appleby with a rebound.
6:22 of 2nd period - Off-side.
6:23 of 2nd period - Sam Carrick wins face-off versus Brendan Warren in neutral zone.
7:38 of 2nd period - Brent Gates is hit by Erik Gudbranson and loses puck.
8:03 of 2nd period - Shot by Joey Anderson.
8:03 of 2nd period - Shot Blocked by Julius Bergman.
8:07 of 2nd period - Shot by Curtis McKenzie.
8:07 of 2nd period - Stopped by Ken Appleby with a rebound.
8:59 of 2nd period - Shot by Dmytro Timashov.
8:59 of 2nd period - Shot Misses the Net.
9:01 of 2nd period - Shot by Eric Cornel.
9:01 of 2nd period - Goal by Eric Cornel - Barracuda : 2 - Rampage : 3.
9:02 of 2nd period - Adam Cracknell wins face-off versus Sam Carrick in neutral zone.
9:27 of 2nd period - Shot by Matthew Phillips.
9:27 of 2nd period - Stopped by Adam Werner without a rebound.
9:28 of 2nd period - Jordy Bellerive wins face-off versus Michael Sgarbossa in Rampage zone.
9:29 of 2nd period - Shot by Anatoly Golyshev.
9:29 of 2nd period - Shot Misses the Net.
9:31 of 2nd period - Shot by Fredrik Olofsson.
9:31 of 2nd period - Shot Misses the Net.
9:33 of 2nd period - Shot by Fredrik Olofsson.
9:33 of 2nd period - Shot Blocked by Steven Kampfer.
9:35 of 2nd period - Shot by Anatoly Golyshev.
9:35 of 2nd period - Shot Misses the Net.
9:49 of 2nd period - Shot by Hudson Fasching.
9:49 of 2nd period - Shot Misses the Net.
9:59 of 2nd period - Shot by Fredrik Olofsson.
9:59 of 2nd period - Shot Misses the Net.
10:01 of 2nd period - Shot by Jordy Bellerive.
10:01 of 2nd period - Stopped by Adam Werner with a rebound.
10:13 of 2nd period - Joseph Labate is hit by Trent Frederic and loses puck.
10:28 of 2nd period - Shot by Adam Cracknell .
10:28 of 2nd period - Shot Misses the Net.
10:40 of 2nd period - Shot by Matthew Phillips.
10:40 of 2nd period - Shot Misses the Net.
10:42 of 2nd period - Shot by Scott Harrington.
10:42 of 2nd period - Shot Misses the Net.
10:44 of 2nd period - Shot by Scott Harrington.
10:44 of 2nd period - Shot Blocked by Johnny Kovacevic.
11:33 of 2nd period - Minor Penalty to Graham Knott for Hooking.
11:34 of 2nd period - Adam Cracknell wins face-off versus Matt Martin in Barracuda zone.
11:55 of 2nd period - Shot by Josh Brown.
11:55 of 2nd period - Stopped by Ken Appleby without a rebound.
11:56 of 2nd period - Adam Cracknell wins face-off versus Matt Martin in Barracuda zone.
11:56 of 2nd period - Adam Cracknell is hit by Curtis McKenzie.
12:05 of 2nd period - Off-side.
12:06 of 2nd period - Matt Martin wins face-off versus Adam Cracknell in neutral zone.
12:06 of 2nd period - Robert Hagg is hit by Trent Frederic and loses puck.
12:25 of 2nd period - Shot by Josh Brown.
12:25 of 2nd period - Stopped by Ken Appleby with a rebound.
12:27 of 2nd period - Shot by Joey Anderson.
12:27 of 2nd period - Shot Misses the Net.
12:29 of 2nd period - Shot by Robert Hagg.
12:29 of 2nd period - Shot Blocked by Trent Frederic.
12:31 of 2nd period - Shot by Matt Martin.
12:31 of 2nd period - Stopped by Ken Appleby without a rebound.
12:32 of 2nd period - Joey Anderson wins face-off versus Brendan Warren in Barracuda zone.
12:33 of 2nd period - Shot by Curtis McKenzie.
12:33 of 2nd period - Stopped by Ken Appleby without a rebound.
12:34 of 2nd period - Matt Martin wins face-off versus Brendan Warren in Barracuda zone.
12:43 of 2nd period - Shot by Joey Anderson.
12:43 of 2nd period - Shot Misses the Net.
12:57 of 2nd period - Shot by Erik Gudbranson .
12:57 of 2nd period - Stopped by Ken Appleby without a rebound.
12:58 of 2nd period - Adam Cracknell wins face-off versus Jayson Megna in Barracuda zone.
13:26 of 2nd period - Icing by Robert Hagg.
13:27 of 2nd period - Adam Cracknell wins face-off versus Jayson Megna in Rampage zone.
13:55 of 2nd period - Shot by Eric Cornel.
13:55 of 2nd period - Shot Misses the Net.
14:38 of 2nd period - Shot by Alex Dostie.
14:38 of 2nd period - Shot Misses the Net.
15:22 of 2nd period - Shot by Sam Carrick.
15:22 of 2nd period - Stopped by Ken Appleby without a rebound.
15:23 of 2nd period - Sam Carrick wins face-off versus Adam Cracknell in Barracuda zone.
15:37 of 2nd period - Trent Frederic is hit by Josh Brown.
15:44 of 2nd period - Shot by Matthew Phillips.
15:44 of 2nd period - Goal by Matthew Phillips - Barracuda : 3 - Rampage : 3.
15:45 of 2nd period - Matt Martin wins face-off versus Brendan Warren in neutral zone.
15:51 of 2nd period - Icing by Julius Bergman.
15:52 of 2nd period - Matt Martin wins face-off versus Brendan Warren in Barracuda zone.
16:19 of 2nd period - Shot by Curtis McKenzie.
16:19 of 2nd period - Stopped by Ken Appleby without a rebound.
16:20 of 2nd period - Sam Carrick wins face-off versus Adam Cracknell in Barracuda zone.
16:23 of 2nd period - Shot by Sam Carrick.
16:23 of 2nd period - Shot Misses the Net.
16:33 of 2nd period - Shot by Jayson Megna.
16:33 of 2nd period - Stopped by Ken Appleby with a rebound.
16:35 of 2nd period - Shot by Robert Hagg.
16:35 of 2nd period - Stopped by Ken Appleby with a rebound.
16:47 of 2nd period - Shot by Jayson Megna.
16:47 of 2nd period - Shot Misses the Net.
16:49 of 2nd period - Shot by Jayson Megna.
16:49 of 2nd period - Shot Blocked by Andy Welinski.
16:51 of 2nd period - Shot by Nick Ritchie.
16:51 of 2nd period - Shot Misses the Net.
16:53 of 2nd period - Shot by Jayson Megna.
16:53 of 2nd period - Stopped by Ken Appleby without a rebound.
16:54 of 2nd period - Brendan Warren wins face-off versus Joey Anderson in Barracuda zone.
17:02 of 2nd period - Brent Gates is hit by Erik Gudbranson and loses puck.
17:11 of 2nd period - Shot by Alexis D'Aoust.
17:11 of 2nd period - Stopped by Adam Werner without a rebound.
17:12 of 2nd period - Eric Cornel wins face-off versus Jordy Bellerive in Rampage zone.
17:28 of 2nd period - Minor Penalty to Dmytro Timashov for Roughing.
17:29 of 2nd period - Adam Cracknell wins face-off versus Joey Anderson in Rampage zone.
17:48 of 2nd period - Shot by Adam Cracknell .
17:48 of 2nd period - Goal by Adam Cracknell - Barracuda : 4 - Rampage : 3.
17:49 of 2nd period - Nick Ritchie wins face-off versus Brent Gates in neutral zone.
18:13 of 2nd period - Icing by Robert Hagg.
18:14 of 2nd period - Adam Cracknell wins face-off versus Sam Carrick in Rampage zone.
18:14 of 2nd period - Adam Cracknell is hit by Robert Hagg.
18:23 of 2nd period - Sam Carrick is hit by Trent Frederic and loses puck.
18:31 of 2nd period - Sam Carrick is hit by Nicolas Meloche and loses puck.
18:34 of 2nd period - Shot by Sam Carrick.
18:34 of 2nd period - Shot Blocked by Andy Welinski.
19:10 of 2nd period - Shot by Curtis McKenzie.
19:10 of 2nd period - Stopped by Ken Appleby with a rebound.
19:23 of 2nd period - Brendan Warren is hit by Erik Gudbranson and loses puck.
Goals for this period are 2 for Barracuda vs 1 for Rampage.
Shots for this period are 6 for Barracuda vs 17 for Rampage.

3rd period


0:01 of 3rd period - Matt Martin wins face-off versus Adam Cracknell in neutral zone.
0:01 of 3rd period - Curtis McKenzie is hit by Trent Frederic.
0:08 of 3rd period - Joey Anderson is hit by Nicolas Meloche and loses puck.
0:14 of 3rd period - Off-side.
0:15 of 3rd period - Alex Dostie wins face-off versus Michael Sgarbossa in neutral zone.
0:28 of 3rd period - Shot by Michael Sgarbossa.
0:28 of 3rd period - Stopped by Ken Appleby with a rebound.
0:30 of 3rd period - Shot by Michael Sgarbossa.
0:30 of 3rd period - Shot Blocked by Julius Bergman.
0:48 of 3rd period - Icing by Graham Knott.
0:49 of 3rd period - Matt Martin wins face-off versus Alex Dostie in Barracuda zone.
1:41 of 3rd period - Minor Penalty to Trent Frederic for Hooking.
1:42 of 3rd period - Adam Cracknell wins face-off versus Michael Sgarbossa in Barracuda zone.
2:03 of 3rd period - Shot by Joseph Labate.
2:03 of 3rd period - Stopped by Ken Appleby with a rebound.
2:24 of 3rd period - Icing by Hudson Fasching.
2:25 of 3rd period - Joseph Labate wins face-off versus Adam Cracknell in Rampage zone.
3:20 of 3rd period - Shot by Joey Anderson.
3:20 of 3rd period - Shot Misses the Net.
3:22 of 3rd period - Shot by Matt Martin.
3:22 of 3rd period - Stopped by Ken Appleby without a rebound.
3:23 of 3rd period - Matt Martin wins face-off versus Adam Cracknell in Barracuda zone.
3:48 of 3rd period - Shot by Sam Carrick.
3:48 of 3rd period - Stopped by Ken Appleby with a rebound.
3:50 of 3rd period - Shot by Jayson Megna.
3:50 of 3rd period - Shot Misses the Net.
4:02 of 3rd period - Shot by Jayson Megna.
4:02 of 3rd period - Stopped by Ken Appleby without a rebound.
4:03 of 3rd period - Eric Cornel wins face-off versus Brendan Warren in Barracuda zone.
4:07 of 3rd period - Icing by Andy Welinski.
4:08 of 3rd period - Brendan Warren wins face-off versus Matt Martin in Barracuda zone.
4:27 of 3rd period - Nicolas Meloche is hit by Matt Martin and loses puck.
4:34 of 3rd period - Shot by Joey Anderson.
4:34 of 3rd period - Shot Misses the Net.
4:36 of 3rd period - Shot by Joey Anderson.
4:36 of 3rd period - Shot Blocked by Andy Welinski.
4:38 of 3rd period - Shot by Josh Brown.
4:38 of 3rd period - Stopped by Ken Appleby without a rebound.
4:39 of 3rd period - Adam Cracknell wins face-off versus Sam Carrick in Barracuda zone.
5:27 of 3rd period - Icing by Nick Holden.
5:28 of 3rd period - Sam Carrick wins face-off versus Brendan Warren in Rampage zone.
5:30 of 3rd period - Icing by Jayson Megna.
5:31 of 3rd period - Sam Carrick wins face-off versus Brendan Warren in Rampage zone.
5:31 of 3rd period - Sam Carrick is hit by Brent Gates.
5:38 of 3rd period - Icing by Nicolas Meloche.
5:39 of 3rd period - Brendan Warren wins face-off versus Matt Martin in Barracuda zone.
6:10 of 3rd period - Andy Welinski is hit by Robert Hagg and loses puck.
6:31 of 3rd period - Brent Gates is hit by Matt Martin.
7:30 of 3rd period - Shot by Trent Frederic.
7:30 of 3rd period - Shot Blocked by Nick Holden.
7:32 of 3rd period - Shot by Robert Bortuzzo.
7:32 of 3rd period - Shot Misses the Net.
7:34 of 3rd period - Shot by Scott Harrington.
7:34 of 3rd period - Goal by Scott Harrington - Barracuda : 5 - Rampage : 3.
7:34 of 3rd period - Jon Gillies enters game.
7:35 of 3rd period - Alex Dostie wins face-off versus Sam Carrick in neutral zone.
7:38 of 3rd period - Sam Carrick is hit by Graham Knott and loses puck.
7:47 of 3rd period - Shot by Jayson Megna.
7:47 of 3rd period - Goal by Jayson Megna - Barracuda : 5 - Rampage : 4.
7:48 of 3rd period - Jordy Bellerive wins face-off versus Eric Cornel in neutral zone.
7:48 of 3rd period - Fredrik Olofsson is hit by Robert Hagg and loses puck.
8:07 of 3rd period - Shot by Dmytro Timashov.
8:07 of 3rd period - Deflect By Josh Leivo.
8:07 of 3rd period - Stopped by Ken Appleby with a rebound.
8:13 of 3rd period - Shot by Robert Hagg.
8:13 of 3rd period - Stopped by Ken Appleby without a rebound.
8:14 of 3rd period - Adam Cracknell wins face-off versus Matt Martin in Barracuda zone.
8:19 of 3rd period - Shot by Joey Anderson.
8:19 of 3rd period - Shot Blocked by Matthew Phillips.
8:37 of 3rd period - Shot by Matthew Phillips.
8:37 of 3rd period - Shot Misses the Net.
8:43 of 3rd period - Shot by Adam Cracknell .
8:43 of 3rd period - Stopped by Jon Gillies with a rebound.
8:45 of 3rd period - Shot by Matthew Phillips.
8:45 of 3rd period - Stopped by Jon Gillies with a rebound.
8:55 of 3rd period - Curtis McKenzie is hit by Trent Frederic.
9:15 of 3rd period - Shot by Hudson Fasching.
9:15 of 3rd period - Shot Blocked by Nicolas Meloche.
9:17 of 3rd period - Shot by Joseph Labate.
9:17 of 3rd period - Shot Misses the Net.
9:19 of 3rd period - Shot by Hudson Fasching.
9:19 of 3rd period - Deflect By Joseph Labate.
9:19 of 3rd period - Shot Misses the Net.
9:47 of 3rd period - Andrei Altybarmakyan is hit by Joseph Labate and loses puck.
10:30 of 3rd period - Jayson Megna is hit by Julius Bergman.
10:44 of 3rd period - Shot by Brendan Warren.
10:44 of 3rd period - Deflect By Brent Gates.
10:44 of 3rd period - Stopped by Jon Gillies without a rebound.
10:45 of 3rd period - Jordy Bellerive wins face-off versus Matt Martin in Rampage zone.
10:46 of 3rd period - Shot by Anatoly Golyshev.
10:46 of 3rd period - Stopped by Jon Gillies without a rebound.
10:47 of 3rd period - Adam Cracknell wins face-off versus Matt Martin in Rampage zone.
10:48 of 3rd period - Shot by Matthew Phillips.
10:48 of 3rd period - Shot Misses the Net.
11:20 of 3rd period - Nick Holden is hit by Trent Frederic and loses puck.
11:26 of 3rd period - Off-side.
11:27 of 3rd period - Brendan Warren wins face-off versus Michael Sgarbossa in neutral zone.
11:32 of 3rd period - Shot by Alexis D'Aoust.
11:32 of 3rd period - Shot Blocked by Johnny Kovacevic.
12:31 of 3rd period - Shot by Anatoly Golyshev.
12:31 of 3rd period - Goal by Anatoly Golyshev - Barracuda : 6 - Rampage : 4.
12:32 of 3rd period - Adam Cracknell wins face-off versus Matt Martin in neutral zone.
12:49 of 3rd period - Shot by Matthew Phillips.
12:49 of 3rd period - Stopped by Jon Gillies without a rebound.
12:50 of 3rd period - Eric Cornel wins face-off versus Graham Knott in Rampage zone.
13:01 of 3rd period - Shot by Josh Leivo.
13:01 of 3rd period - Deflect By Eric Cornel.
13:01 of 3rd period - Shot Blocked by Alex Dostie.
13:03 of 3rd period - Shot by Robert Hagg.
13:03 of 3rd period - Shot Misses the Net.
13:07 of 3rd period - Shot by Josh Leivo.
13:07 of 3rd period - Shot Blocked by Robert Bortuzzo.
13:09 of 3rd period - Shot by Josh Leivo.
13:09 of 3rd period - Shot Blocked by Scott Harrington.
13:13 of 3rd period - Shot by Josh Leivo.
13:13 of 3rd period - Shot Blocked by Andrei Altybarmakyan.
13:15 of 3rd period - Shot by Robert Hagg.
13:15 of 3rd period - Stopped by Ken Appleby without a rebound.
13:16 of 3rd period - Matt Martin wins face-off versus Adam Cracknell in Barracuda zone.
13:16 of 3rd period - Joey Anderson is hit by Andy Welinski and loses puck.
13:31 of 3rd period - Shot by Adam Cracknell .
13:31 of 3rd period - Stopped by Jon Gillies without a rebound.
13:32 of 3rd period - Michael Sgarbossa wins face-off versus Brendan Warren in Rampage zone.
14:08 of 3rd period - Brent Gates is hit by Joseph Labate and loses puck.
14:44 of 3rd period - Shot by Adam Cracknell .
14:44 of 3rd period - Stopped by Jon Gillies without a rebound.
14:45 of 3rd period - Matt Martin wins face-off versus Adam Cracknell in Rampage zone.
15:01 of 3rd period - Off-side.
15:02 of 3rd period - Sam Carrick wins face-off versus Andrei Altybarmakyan in neutral zone.
16:11 of 3rd period - Shot by Adam Cracknell .
16:11 of 3rd period - Stopped by Jon Gillies without a rebound.
16:12 of 3rd period - Jordy Bellerive wins face-off versus Eric Cornel in Rampage zone.
17:54 of 3rd period - Joey Anderson is hit by Robert Bortuzzo and loses puck.
18:07 of 3rd period - Shot by Matthew Phillips.
18:07 of 3rd period - Deflect By Trent Frederic.
18:07 of 3rd period - Shot Misses the Net.
18:09 of 3rd period - Shot by Adam Cracknell .
18:09 of 3rd period - Deflect By Matthew Phillips.
18:09 of 3rd period - Stopped by Jon Gillies with a rebound.
18:23 of 3rd period - Shot by Matthew Phillips.
18:23 of 3rd period - Deflect By Trent Frederic.
18:23 of 3rd period - Shot Misses the Net.
18:25 of 3rd period - Shot by Robert Bortuzzo.
18:25 of 3rd period - Shot Blocked by Nick Holden.
18:38 of 3rd period - Icing by Erik Gudbranson .
18:39 of 3rd period - Alex Dostie wins face-off versus Matt Martin in Rampage zone.
18:42 of 3rd period - Shot by Alex Dostie.
18:42 of 3rd period - Shot Misses the Net.
18:44 of 3rd period - Shot by Graham Knott.
18:44 of 3rd period - Stopped by Jon Gillies without a rebound.
18:45 of 3rd period - Michael Sgarbossa wins face-off versus Alex Dostie in Rampage zone.
18:49 of 3rd period - Off-side.
18:50 of 3rd period - Alex Dostie wins face-off versus Michael Sgarbossa in neutral zone.
19:06 of 3rd period - Icing by Bode Wilde.
19:07 of 3rd period - Alex Dostie wins face-off versus Sam Carrick in Barracuda zone.
19:07 of 3rd period - Andrei Altybarmakyan is hit by Nick Ritchie and loses puck.
19:13 of 3rd period - Icing by Bode Wilde.
19:14 of 3rd period - Michael Sgarbossa wins face-off versus Alex Dostie in Barracuda zone.
19:14 of 3rd period - Robert Hagg is hit by Julius Bergman and loses puck.
Goals for this period are 2 for Barracuda vs 1 for Rampage.
Shots for this period are 12 for Barracuda vs 10 for Rampage.